 Dungeon Crawl Stone Soup version 0.29.0-4-gdea44cf6ec (webtiles) character file.

Game seed: 5320798694936082156

49 qw the Chopper (level 3, 0/21 HPs)
             Began as a Tengu Warper on Aug 28, 2022.
             Slain by a gnoll
             ... wielding a +0 halberd
              (10 damage)
             ... on level 3 of the Dungeon.
             The game lasted 00:00:09 (2205 turns).

qw the Chopper (Tengu Warper)                       Turns: 2205, Time: 00:00:10

Health: 0/21       AC: 11    Str: 13    XL:     3   Next: 75%
Magic:  7/7        EV:  9    Int: 13    God:
Gold:   68         SH:  0    Dex: 13    Spells: 6/6 levels left

rFire   . . .      SeeInvis .   Y - +0 hand axe
rCold   . . .      Faith    .   (no shield)
rNeg    . . .      Spirit   .   e - +3 scale mail
rPois   .          Reflect  .   (helmet restricted)
rElec   .          Harm     .   g - +0 cloak
rCorr   .          Rampage  .   b - +0 pair of gloves
Will    .....                   (boots unavailable)
Stlth   ..........              (no amulet)
HPRegen 0.07/turn               (no ring)
MPRegen 0.10/turn               (no ring)

@: no status effects
A: beak, talons 3
a: no special abilities


You were on level 3 of the Dungeon.
You visited 1 branch of the dungeon, and saw 3 of its levels.

You collected 123 gold pieces.
You spent 55 gold pieces at shops.


Innate Abilities, Weirdness & Mutations

You have a beak for a mouth.
You have claws for feet.


   Skills:
 - Level 2.0 Fighting
 + Level 4.4 Axes
 - Level 1.0 Throwing
 - Level 1.1 Armour
 - Level 2.1 Dodging
 - Level 2.0 Spellcasting
 - Level 2.4 Translocations


You had 6 spell levels left.
You didn't know any spells.
Your spell library contained the following spells:

 Spells                   Type           Power      Damage    Failure   Level
 Blink                    Tloc           14%        N/A       56%         2
 Gell's Gravitas          Tloc           7%         N/A       80%         3
 Lesser Beckoning         Tloc           7%         N/A       80%         3
 Teleport Other           Tloc           7%         N/A       80%         3
 Manifold Assault         Tloc           7%         N/A       100%        5

Inventory:

Hand Weapons
 f - a +0 club
 Y - a +0 hand axe (weapon)
Armour
 b - a +0 pair of gloves (worn)
 e - a +3 scale mail (worn)
 g - a +0 cloak (worn)
Scrolls
 c - a scroll of identify
Potions
 d - a potion of curing

Dungeon Overview and Level Annotations

Branches:
Dungeon (3/15)

Altars:

Shops:
D:1 [*:(


Message History

You start resting.
HP restored.
Done exploring.
(D) Dungeon
Where to? (* - list waypoints, Enter - D:3, ? - help)
What level of the Dungeon? (default 1, ? - help)
You climb downwards.
There is a stone staircase leading up, spattered with blood here.
A worm comes into view.
You hit the worm. You claw the worm! Your peck misses the worm.
The worm is severely wounded.
You hit the worm. You peck the worm.
The worm is almost dead.
The worm bites you but does no damage.
You hit the worm.
You kill the worm! 2 gnolls come into view.
Found a fuming dark potion.
Found a stone staircase leading down.
The gnoll shouts! x2
A gnoll comes into view. It is wielding a +0 club.
2195 ||| Stepping ~*~*~tactically~*~*~ (hiding).
You start waiting.
A gnoll is nearby!
You hit the gnoll.
The gnoll is lightly wounded.
The gnoll hits you with a +0 club. The gnoll hits you but does no damage.
You barely miss the gnoll.
The gnoll is lightly wounded.
The gnoll hits you but does no damage. x2
You hit the gnoll. You claw the gnoll.
The gnoll is severely wounded.
The gnoll barely misses you. The gnoll hits you but does no damage.
You hit the gnoll.
The gnoll is severely wounded.
The gnoll hits you but does no damage.
The gnoll hits you from afar with a +0 halberd!
You hit the gnoll. You peck the gnoll.
You kill the gnoll!
The gnoll hits you from afar with a +0 halberd!
You die...

#....[......
####...........
....#
#....[...####..
g#g.# #.....<...#
g#!. #.........#
... #########.###
.. # #...# .# ...
###.######g#.....
#......@).......
#.######.......>
... #.#....##
#..## #.#......
#.# ### ##### #.
#


You could see a gnoll.

Vanquished Creatures
  An adder (D:2)
  A gnoll (D:3)
  3 worms
  An orc (D:3)
  4 ball pythons (D:2)
  3 endoplasms
  2 giant cockroaches (D:2)
  2 goblins (D:2)
  2 jackals (D:3)
  A kobold (D:2)
  3 quokkas
  A bat (D:2)
  2 frilled lizards (D:2)
  4 rats
30 creatures vanquished.

Notes
Turn   | Place    | Note
-------+----------+-------------------------------------------
     0 | D:1      | qw the Tengu Warper began the quest for the Orb.
     0 | D:1      | Reached XP level 1. HP: 12/12 MP: 4/4
     0 | D:1      | 0 ||| qw: Version: 0.1-a-89-g26bdef1
     0 | D:1      | 0 ||| qw: Game counter: 1536
     0 | D:1      | 0 ||| qw: Always use a shield: true
     0 | D:1      | 0 ||| qw: God list: Okawaru
     0 | D:1      | 0 ||| qw: Allow faded altars: false
     0 | D:1      | 0 ||| qw: Do Orc after D:15 true
     0 | D:1      | 0 ||| qw: Do second Lair branch before Depths: true
     0 | D:1      | 0 ||| qw: Lair rune preference: random
     0 | D:1      | 0 ||| qw: Plans: Normal
     0 | D:1      | 0 ||| PLANNING D:1-11
   105 | D:1      | Found Zoenecy's Armour Shoppe.
   110 | D:1      | 110 ||| SHOPLISTING +0 cloak (54 gold, have 18).
   110 | D:1      | 110 ||| SHOPLISTING +0 kite shield (54 gold, have 18).
   110 | D:1      | 110 ||| SHOPLISTING +0 pair of gloves (54 gold, have 18).
   506 | D:1      | Found Deir Mow's Book Shop.
   516 | D:1      | Found Qohab's Assorted Antiques.
   524 | D:1      | 524 ||| BUYING 2 smoky coppery potions (55 gold).
   524 | D:1      | Bought 2 smoky coppery potions for 55 gold pieces
   524 | D:1      | 524 ||| SHOPLISTING cyan potion (27 gold, have 18).
   524 | D:1      | 524 ||| SHOPLISTING fuming amethyst potion (27 gold, have
                  | 18).
   524 | D:1      | 524 ||| SHOPLISTING runed plate armour (806 gold, have 18).
   524 | D:1      | 524 ||| SHOPLISTING whip (77 gold, have 18).
   526 | D:1      | Found Besiorev's Weapon Shoppe.
   529 | D:1      | 529 ||| SHOPLISTING +0 whip (30 gold, have 18).
   995 | D:1      | 995 ||| UPGRADING to +3 scale mail.
  1005 | D:1      | 1005 ||| DROPPING +0 leather armour.
  1006 | D:1      | 1006 ||| UPGRADING to +0 cloak.
  1011 | D:1      | 1011 ||| READING scroll labelled OBUPLE EHUIGH.
  1012 | D:1      | 1012 ||| READING scroll labelled TETOEJ SEMELA.
  1013 | D:1      | 1013 ||| DRINKING 2 smoky coppery potions.
  1014 | D:1      | 1014 ||| DROPPING scroll of blinking.
  1048 | D:2      | Found a faded altar of an unknown god.
  1081 | D:2      | Reached skill level 3 in Axes
  1081 | D:2      | Reached XP level 2. HP: 12/17 MP: 6/6
  1465 | D:2      | Reached XP level 3. HP: 21/21 MP: 7/7
  1808 | D:2      | Reached skill level 4 in Axes
  1963 | D:2      | 1963 ||| UPGRADING to +0 pair of gloves.
  1968 | D:2      | 1968 ||| READING scroll labelled MAH CEFRELUNE.
  1990 | D:3      | 1990 ||| STAIRDANCE
  1996 | D:3      | 1996 ||| STAIRDANCE
  2056 | D:3      | 2056 ||| STAIRDANCE
  2106 | D:3      | 2106 ||| Stepping ~*~*~tactically~*~*~ (stealth).
  2107 | D:3      | 2107 ||| Stepping ~*~*~tactically~*~*~ (stealth).
  2114 | D:3      | 2114 ||| FLEEEEING.
  2115 | D:3      | 2115 ||| FLEEEEING.
  2118 | D:3      | 2118 ||| STAIRDANCE
  2195 | D:3      | 2195 ||| Stepping ~*~*~tactically~*~*~ (hiding).
  2205 | D:3      | Slain by a gnoll

Levels and vault maps discovered:
D:1:      mrwooster_arrival_statue_2, layout_loops_ring, serial_shops, shop,
          nicolae_shop_behind_doors, nicolae_shop_hallway_stairs, shop,
          nicolae_hexahallways
D:2:      minmay_alternating_diamond, layout_basic,
          shapermc_ecumenical_altar_hornbeckon
D:3:      layout_basic, serial_corexii_hall, corexii_hall_statues_i,
          corexii_hall_statues_deadend, corexii_hall_statues_i,
          chequers_hall_statues_y

Skill      XL: |  1  2  3 |
---------------+----------+-----
Axes           | 3 4 |  4.4
Fighting       | |  2.0
Throwing       | |  1.0
Armour         | |  1.1
Dodging        | |  2.1
Spellcasting   | |  2.0
Translocations | |  2.4

Action                   || total
-------------------------++-------
Melee: Hand axe          ||    79
       Kick              ||    19
       Peck              ||     8
Throw: Boomerang         ||     7
  Use: Scroll            ||     3
       Potion            ||     1
Armor: Scale mail        ||    35
       Leather armour    ||     2
Dodge: Dodged            ||    18

Table legend:
 A = Non-vault XP
 B = Vault XP
 C = Vault XP percentage of total XP
 D = Non-vault monster count
 E = Vault monster count
 F = Vault count percentage of total count
                 A         B        C        D         E       F
            +---------+---------+-------+---------+---------+-------
      Total |      72 |      12 |  14.3 |      24 |       6 |  20.0
            +---------+---------+-------+---------+---------+-------
        D:1 |       9 |       0 |   0.0 |       6 |       0 |   0.0
        D:2 |      37 |      12 |  24.5 |      13 |       6 |  31.6
        D:3 |      26 |       0 |   0.0 |       5 |       0 |   0.0
            +---------+---------+-------+---------+---------+-------
